 Dungeon Crawl Stone Soup version 0.21.1-1-g345015fe64 (webtiles) character file.

41629 Evaline the Fencer (level 14, -16/108 HPs)
             Began as a Formicid Fighter on June 26, 2018.
             Was the Champion of Okawaru.
             Demolished by a very large slime creature (50 damage)
             ... on level 14 of the Dungeon.
             The game lasted 02:54:54 (16413 turns).

Evaline the Fencer (Formicid Fighter)              Turns: 16413, Time: 02:54:55

Health: -16/108    AC: 22    Str: 25    XL:     14   Next: 51%
Magic:  19/19      EV: 12    Int:  9    God:    Okawaru [******]
Gold:   1081       SH: 12    Dex: 13    Spells: 13/13 levels left

rFire    . . .     SeeInvis +   w - +4 great sword (protect)
rCold    . . .     Gourm    .   c - +0 shield
rNeg     + + +     Faith    +   J - +1 pearl dragon scales "Uvaunoera" {rN+ MR+ Regen+}
rPois    .         Spirit   .   (helmet unavailable)
rElec    .         Reflect  .   Y - scarf {repulsion}
rCorr    +         Harm     .   Z - +2 pair of gloves {Dex+3}
MR       +++..                  W - +1 pair of boots of the Endless Expanse {*Corrode rN++ Slay+3}
Stlth    ..........             S - amulet of faith
HPRegen  0.68/turn              p - ring of resist corrosion
MPRegen  0.16/turn              P - ring of protection from magic

@: repel missiles
A: permanent stasis, dig shafts and tunnels, four strong arms, antennae 3
a: Dig, Shaft Self, Heroism, Finesse, Renounce Religion


You were on level 14 of the Dungeon.
You worshipped Okawaru.
Okawaru was exalted by your worship.
You were hungry.

You visited 2 branches of the dungeon, and saw 16 of its levels.
You also visited: Labyrinth.

You collected 1081 gold pieces.

Inventory:

Hand Weapons
 a - a +4 great sword of freezing
 b - a +0 arbalest
 e - a +0 short sword of venom
 q - a +6 great sword of holy wrath
 r - a +5 long sword of electrocution
 s - a +1 great sword of flaming
 t - a +5 broad axe of freezing
 w - a +4 great sword of protection (weapon)
 T - a +3 dire flail
Missiles
 D - 62 bolts
Armour
 c - a +0 shield (worn)
 k - a +2 chain mail of fire resistance
 J - the +1 pearl dragon scales "Uvaunoera" (worn) {rN+ MR+ Regen+}
   (Okawaru gifted it to you in a labyrinth)

   It protects you from negative energy.
   It affects your resistance to hostile enchantments.
   It increases your rate of regeneration.
 K - the +1 robe "Vameri" {rPois rCorr Str-4 SInv, unknown}
   (You found it on level 13 of the Dungeon)

   It affects your strength (-4).
   It protects you from poison.
   It lets you see invisible.
   It protects you from acid and corrosion.
 W - the +1 pair of boots of the Endless Expanse (worn) {*Corrode rN++ Slay+3}
   (Okawaru gifted it to you on level 13 of the Dungeon)

   It affects your accuracy and damage with ranged weapons and melee attacks
   (+3).
   It greatly protects you from negative energy.
   It may corrode you when you take damage.
 X - a +4 ring mail
 Y - a scarf of repulsion (worn)
 Z - a +2 pair of gloves of dexterity (worn)
Jewellery
 p - a ring of resist corrosion (left hand)
 I - an uncursed ring of protection from fire
 M - an uncursed amulet of regeneration
 P - a ring of protection from magic (right hand)
 S - an amulet of faith (around neck)
Wands
 d - a wand of enslavement (21)
 h - a wand of digging (19)
 G - a wand of flame (37)
 L - a wand of disintegration (44)
 Q - a wand of iceblast (4)
 U - a wand of paralysis (17)
Scrolls
 l - 4 scrolls of fear {unknown}
 y - a scroll of summoning {unknown}
 B - 2 scrolls of amnesia {unknown}
 C - 3 scrolls of blinking {unknown}
 F - 4 scrolls of remove curse
 H - 5 scrolls of enchant armour {unknown}
 O - a scroll of fog {unknown}
 V - 3 scrolls of magic mapping
Potions
 f - a potion of ambrosia {unknown}
 g - 3 potions of mutation {unknown}
 i - 3 potions of cancellation
 m - 4 potions of heal wounds
 n - a potion of degeneration {unknown}
 o - 2 potions of berserk rage {unknown}
 u - 10 potions of curing
 v - 3 potions of might
 x - a potion of flight {unknown}
 z - 2 potions of magic {unknown}
 A - 2 potions of resistance {unknown}
 E - a potion of invisibility {unknown}
 N - 2 potions of lignification
 R - 2 potions of agility {unknown}
Comestibles
 j - 29 rations


   Skills:
 + Level 9.3 Fighting
 * Level 16.1 Long Blades
 + Level 2.7(2.8) Axes
 + Level 0.5(1.7) Maces & Flails
   Level 0.7(1.8) Polearms
 + Level 1.3 Crossbows
 - Level 2.1 Throwing
 * Level 12.1 Armour
 + Level 4.4 Dodging
 - Level 2.1 Stealth
 - Level 9.0 Shields
 - Level 7.0 Invocations


You had 13 spell levels left.
You didn't know any spells.

Dungeon Overview and Level Annotations

Branches:
Dungeon (15/15)            Temple (1/1) D:7            Lair (0/6) D:11
    Orc (0/2) D:12         Vaults (0/5) D:14
 Depths: D:15

Altars:
Ashenzari
Cheibriados
Dithmenos
Elyvilon
Fedhas
Gozag
Hepliaklqana
Kikubaaqudgha
Makhleb
Nemelex Xobeh
Okawaru
Qazlal
Ru
Sif Muna
Trog
Uskayaw
Vehumet
Wu Jian
Xom
Yredelemnul
Zin
The Shining One

Shops:
D:5 *   D:6 *   D:8 [   D:10 :

Annotations:
D:8 exclusions: downstairs and 8 more exclusions
D:14 Hostiles OOR - Digging


Innate Abilities, Weirdness & Mutations

You cannot be hasted, slowed, berserked, paralysed or teleported.
You can dig through walls and to a lower floor.
Your four strong arms can wield two-handed weapons with a shield.
You have a pair of large antennae on your head. (SInv)


Message History

The tengu conjurer pecks you but does no damage.
The tengu conjurer claws you.
* * * LOW HITPOINT WARNING * * *
A large slime creature splits.
Two slime creatures merge to form a very large slime creature.
The slime creature hits you.
* * * LOW HITPOINT WARNING * * *
The tengu conjurer points at you and mumbles some strange words.
The bolt of magma misses you.
You slice the tengu conjurer!!
Your weapon exudes an aura of protection.
You kill the tengu conjurer!
Okawaru accepts your kill.
A slime creature suddenly becomes a very large slime creature.
Press: ? - help, v - describe, . - travel, g - get item A buckler.
There is something else lying underneath.
The floor, spattered with blood.
The very large slime creature hits you!!!
You die...

PP.≈≈≈................#
.P.≈≈≈................#
...≈≈≈................#
...≈≈≈..###..########.#
...≈≈≈..# #..# #.#
...≈≈≈..# #..# #.#
P..≈8≈..###..########.#
...≈≈≈................#
........#.......@.....#
........#........J....#
#########.............#
......................#
.............#######..#
###########..# #..#
.............#######..#
......................#
............#########.#


You could see a very large slime creature.

Vanquished Creatures
  A fire giant (D:11)
  A minotaur (Lab)
  A hydra (D:15)
  Erica (D:9)
  A catoblepas (D:13)
  3 centaur warriors (D:13)
  6 two-headed ogres
  The ghost of WobbleTop the Covert, a novice NaEn of Zin (D:7)
  4 skeletal warriors
  A deep troll (D:11)
  A wizard (D:14)
  2 necromancers (D:14)
  13 ugly things
  A deep elf mage (D:13)
  5 harpies (D:13)
  3 cyclopes
  Psyche (D:11)
  A komodo dragon (D:13)
  2 yaktaurs (D:13)
  2 tengu conjurers
  A polar bear (D:12)
  7 trolls
  3 hornets
  4 hippogriffs
  Sigmund (D:2)
  2 redbacks (Lab)
  A shadow (D:13)
  4 hogs (D:8)
  19 yaks
  A hungry ghost (D:13)
  3 wraiths
  A human (D:8)
  3 vampire mosquitoes
  2 soldier ants
  A water moccasin (D:12)
  3 ice beasts
  6 orc warriors
  A sky beast (D:10)
  2 eyes of draining
  A hornet zombie (D:8)
  5 ogres
  2 phantoms
  A black bear (D:10)
  9 centaurs
  A wolf (D:12)
  A crocodile (D:10)
  8 bullfrogs
  3 big kobolds
  2 gnoll sergeants
  A wyvern skeleton (D:11)
  3 scorpions
  3 wights (D:8)
  6 killer bees
  2 vampire bats (D:11)
  2 howler monkeys
  2 electric eels (D:12)
  8 crimson imps
  2 bullfrog zombies (D:13)
  2 centaur zombies
  A jelly (D:6)
  3 bullfrog skeletons
  5 hounds
  9 centaur skeletons
  6 orc priests
  4 iguanas
  16 orc wizards
  15 worker ants
  A hound zombie (D:5)
  A worker ant zombie (D:7)
  10 gnolls
  11 adders
  7 shadow imps
  5 white imps (D:12)
  An ufetubus (D:12)
  An ooze (D:3)
  2 adder zombies
  A worm (D:2)
  An adder skeleton (D:9)
  3 dart slugs
  9 leopard geckos
  61 orcs
  7 bats
  4 giant cockroaches
  7 goblins
  8 hobgoblins
  6 jackals
  8 quokkas
  2 frilled lizards
  A jackal skeleton (D:3)
  8 kobolds
  A quokka skeleton (D:4)
  17 rats
422 creatures vanquished.

Vanquished Creatures (others)
  Jessica (D:2)
  2 quokkas (D:9)
  3 bushes (D:14)
6 creatures vanquished.

Grand Total: 428 creatures vanquished

Notes
Turn   | Place    | Note
-------+----------+-------------------------------------------
     0 | D:1      | Evaline the Formicid Fighter began the quest for the Orb.
     0 | D:1      | Reached XP level 1. HP: 18/18 MP: 1/1
    81 | D:1      | Reached XP level 2. HP: 15/24 MP: 2/2
   329 | D:1      | Reached XP level 3. HP: 21/29 MP: 3/3
  1039 | D:2      | Noticed Jessica
  1042 | D:2      | Noticed Sigmund
  1051 | D:2      | Reached XP level 4. HP: 34/36 MP: 4/4
  1072 | D:2      | Killed Jessica
  1072 | D:2      | Reached skill level 3 in Long Blades
  1080 | D:2      | Killed Sigmund
  1080 | D:2      | Reached skill level 4 in Long Blades
  1080 | D:2      | Reached XP level 5. HP: 29/42 MP: 5/5
  1080 | D:2      | Reached XP level 6. HP: 33/48 MP: 6/6
  1686 | D:3      | Reached skill level 5 in Shields
  1939 | D:3      | Reached skill level 1 in Dodging
  2323 | D:3      | Reached XP level 7. HP: 39/53 MP: 7/7
  2569 | D:3      | Found a stormy altar of Qazlal.
  2967 | D:4      | Reached skill level 5 in Long Blades
  2991 | D:4      | Found a sacrificial altar of Ru.
  3288 | D:4      | Reached skill level 5 in Armour
  4075 | D:5      | Entered Level 5 of the Dungeon
  4208 | D:5      | Found an iron altar of Okawaru.
  4265 | D:5      | Became a worshipper of Warmaster Okawaru
  4482 | D:5      | Reached XP level 8. HP: 54/60 MP: 8/8
  4759 | D:5      | Reached skill level 6 in Long Blades
  4977 | D:5      | Reached * piety under Okawaru
  4977 | D:5      | Reached skill level 1 in Stealth
  5293 | D:5      | Found Keuvicsa's General Store.
  5878 | D:6      | Reached skill level 7 in Long Blades
  5878 | D:6      | Reached XP level 9. HP: 66/66 MP: 9/9
  5937 | D:6      | Reached ** piety under Okawaru
  5976 | D:6      | Found Kuhagrat's General Store.
  6373 | D:6      | Reached skill level 5 in Fighting
  6740 | D:7      | Noticed WobbleTop's ghost (novice NaEn)
  7054 | D:7      | Found a radiant altar of Vehumet.
  7175 | D:7      | Found a staircase to the Ecumenical Temple.
  7184 | Temple   | Entered the Ecumenical Temple
  7326 | D:7      | Found an ornate altar of the Wu Jian Council.
  7506 | D:7      | Found a snail-covered altar of Cheibriados.
  7542 | D:7      | Reached skill level 8 in Long Blades
  7544 | D:7      | Found a burning altar of Makhleb.
  7593 | D:7      | Found a hazy altar of Hepliaklqana.
  7613 | D:7      | Found a shadowy altar of Dithmenos.
  7615 | D:7      | Found a shimmering altar of Xom.
  7615 | D:7      | Found a sacrificial altar of Ru.
  7615 | D:7      | Found a hide-covered altar of Uskayaw.
  7646 | D:8      | Noticed a hippogriff
  7755 | D:8      | Reached skill level 1 in Invocations
  7852 | D:8      | Reached *** piety under Okawaru
  7961 | D:8      | Noticed a two-headed ogre
  8006 | D:8      | HP: 2/68 [two-headed ogre/giant spiked club (24)]
  8008 | D:8      | Killed a two-headed ogre
  8008 | D:8      | Reached skill level 1 in Axes
  8008 | D:8      | Reached XP level 10. HP: 3/74 MP: 11/11
  8235 | D:8      | Found Bumafera's Antique Armour Boutique.
  8656 | D:8      | Reached **** piety under Okawaru
  8656 | D:8      | Reached skill level 9 in Long Blades
  8729 | D:8      | Found a glowing golden altar of the Shining One.
  8852 | D:8      | Found a deep blue altar of Sif Muna.
  8956 | D:8      | Found a glowing golden altar of the Shining One.
  9053 | D:8      | Found Bumafera's Antique Armour Boutique.
  9450 | D:7      | Found a burning altar of Makhleb.
  9463 | D:7      | Found a snail-covered altar of Cheibriados.
  9504 | D:7      | Found a radiant altar of Vehumet.
  9572 | D:7      | Killed WobbleTop's ghost
  9692 | D:9      | Noticed Erica
  9708 | D:9      | Killed Erica
  9708 | D:9      | Reached ***** piety under Okawaru
  9708 | D:9      | Reached XP level 11. HP: 21/81 MP: 12/14
  9856 | D:9      | Found a white marble altar of Elyvilon.
  9979 | D:9      | Got an ancient plate armour
 10002 | D:9      | Reached skill level 10 in Long Blades
 10255 | D:9      | Noticed a two-headed ogre
 10262 | D:9      | Killed a two-headed ogre
 10391 | D:10     | Entered Level 10 of the Dungeon
 10571 | D:10     | Received a gift from Okawaru
 10571 | D:10     | Reached skill level 5 in Invocations
 10604 | D:10     | Identified the +1 plate armour of Elitism {MR- rCorr Str+8} (You found it on level 9 of the Dungeon)
 11051 | D:10     | Found Dulala's Book Shop.
 11148 | D:11     | Reached skill level 11 in Long Blades
 11212 | D:11     | Got a jewelled rapier
 11230 | D:11     | Found a labyrinth entrance.
 11238 | Lab      | Entered a labyrinth
 11680 | Lab      | Noticed a minotaur
 11689 | Lab      | Killed a minotaur
 11689 | Lab      | Received a gift from Okawaru
 11690 | Lab      | Got ichor-stained pearl dragon scales {god gift}
 11754 | Lab      | Identified the +1 pearl dragon scales "Uvaunoera" {rN+ MR+ Regen+} (Okawaru gifted it to you in a labyrinth)
 11756 | Lab      | Identified the cursed +1 rapier of Classification {flame, rElec rF+ Str+4} (You found it on level 11 of the Dungeon)
 11779 | D:11     | Noticed a two-headed ogre
 11814 | D:11     | Noticed a two-headed ogre
 11832 | D:11     | Noticed a cyan ugly thing
 11853 | D:10     | Killed a cyan ugly thing
 11989 | D:10     | Reached XP level 12. HP: 91/91 MP: 16/16
 12111 | D:11     | Killed a two-headed ogre
 12114 | D:11     | Noticed a fire giant
 12157 | D:11     | Reached skill level 10 in Armour
 12249 | D:11     | Killed a two-headed ogre
 12249 | D:11     | Reached skill level 12 in Long Blades
 12273 | D:11     | Noticed a deep troll
 12279 | D:11     | Killed a deep troll
 12350 | D:11     | Killed a fire giant
 12350 | D:11     | Reached ****** piety under Okawaru
 12350 | D:11     | Reached skill level 1 in Throwing
 12361 | D:11     | Found a staircase to the Lair.
 12556 | D:11     | Received a gift from Okawaru
 13153 | D:12     | Noticed Psyche
 13171 | D:11     | Killed Psyche
 13519 | D:12     | Found a staircase to the Orcish Mines.
 13660 | D:12     | Received a gift from Okawaru
 13800 | D:12     | Reached skill level 13 in Long Blades
 13806 | D:12     | Reached XP level 13. HP: 72/98 MP: 18/18
 14564 | D:13     | Noticed a centaur warrior
 14585 | D:13     | Noticed a centaur warrior
 14591 | D:13     | Killed a centaur warrior
 14636 | D:13     | Received a gift from Okawaru
 14638 | D:13     | Reached skill level 14 in Long Blades
 14639 | D:13     | Got a pair of pitted boots {god gift}
 14645 | D:13     | Identified the +1 pair of boots of the Endless Expanse {*Corrode rN++ Slay+3} (Okawaru gifted it to you on level 13 of the Dungeon)
 14816 | D:13     | Noticed a centaur warrior
 14830 | D:13     | Killed a centaur warrior
 15009 | D:13     | Killed a centaur warrior
 15033 | D:13     | Noticed a catoblepas
 15050 | D:13     | Killed a catoblepas
 15290 | D:13     | Got a fine robe
 15340 | D:13     | Reached skill level 15 in Long Blades
 15732 | D:14     | Reached XP level 14. HP: 106/106 MP: 19/19
 15771 | D:14     | Found a gate to the Vaults.
 15792 | D:14     | Reached skill level 1 in Crossbows
 15954 | D:14     | Received a gift from Okawaru
 16186 | D:14     | Found a burning altar of Makhleb.
 16259 | D:14     | You fall through a shaft!
 16259 | D:15     | Entered Level 15 of the Dungeon
 16272 | D:15     | Received a gift from Okawaru
 16325 | D:15     | Reached skill level 16 in Long Blades
 16413 | D:14     | Demolished by a very large slime creature

Skill      XL: |  1  2  3  4  5  6  7  8  9 10 11 12 13 14 |
---------------+-------------------------------------------+-----
Shields        | 4 5 6 7 8 9 |  9.0
Long Blades    | 4 5 7 8 9 11 13 15 16 | 16.1
Armour         | 4 5 7 8 9 10 11 12 | 12.1
Dodging        | 1 2 3 4 |  4.4
Fighting       | 4 5 6 7 8 9 |  9.3
Stealth        | 1 2 |  2.1
Invocations    | 2 4 5 7 |  7.0
Axes           | 1 2 |  2.7
Throwing       | 1 2 |  2.1
Crossbows      | 1 |  1.3
Maces & Flails | |  0.5
Polearms       | |  0.7

Action                   |  1- 3 |  4- 6 |  7- 9 | 10-12 | 13-15 || total
-------------------------+-------+-------+-------+-------+-------++-------
Melee: Long sword        |    87 |   118 |   119 |       |       ||   324
       Scythe            |       |    14 |       |    20 |       ||    34
       Falchion          |       |       |   293 |    45 |       ||   338
       Short sword       |       |       |   114 |   130 |    32 ||   276
       Dagger            |       |       |     9 |       |       ||     9
       Battleaxe         |       |       |    36 |     6 |       ||    42
       Great sword       |       |       |       |   342 |   369 ||   711
       Broad axe         |       |       |       |     5 |       ||     5
       Dire flail        |       |       |       |       |     6 ||     6
 Fire: Arbalest          |       |       |       |       |    11 ||    11
Throw: Stone             |     3 |       |    32 |    27 |       ||    62
       Tomahawk          |       |       |    17 |    24 |     8 ||    49
Invok: Heroism           |       |       |       |     2 |     2 ||     4
       Finesse           |       |       |       |     2 |       ||     2
  Use: Potion            |       |     1 |       |     1 |     1 ||     3
       Scroll            |       |       |     2 |    11 |       ||    13
 Stab: Distracted        |       |       |     1 |       |       ||     1
  Eat: Chunk             |       |     5 |    19 |    19 |     9 ||    52
Armor: Scale mail        |    49 |    37 |       |       |       ||    86
       Chain mail        |       |       |   160 |   111 |       ||   271
       Ring mail         |       |       |    29 |       |       ||    29
       Pearl dragon scal |       |       |       |   114 |   185 ||   299
Dodge: Dodged            |    25 |    49 |   145 |   233 |   151 ||   603
       Deflected         |       |       |       |     5 |     7 ||    12
Block: Shield            |    44 |    90 |   295 |   357 |   232 ||  1018
       Rpst.: Long sword |     7 |    18 |     8 |       |       ||    33
       Falchion          |       |       |    15 |     6 |       ||    21
       Great sword       |       |       |       |    33 |    21 ||    54
